 Dungeon Crawl Stone Soup version 0.20.0-8-g6b59dc7 (webtiles) character file.

55 straycat the Ducker (level 3, -2/26 HPs)
             Began as a Vampire Wanderer on May 30, 2017.
             Slain by Sigmund
             ... wielding a +0 scythe
              (9 damage)
             ... on level 2 of the Dungeon.
             The game lasted 00:07:50 (2016 turns).

straycat the Ducker (Vampire Wanderer)              Turns: 2016, Time: 00:07:51

Health: -2/26      AC:  4    Str: 11    XL:     3   Next: 67%
Magic:  4/4        EV:  9    Int: 13    God:
Gold:   59         SH:  7    Dex: 15    Spells: 4/4 levels left

rFire    . . .     SeeInvis +   b - +0 spear
rCold    + . .     Gourm    .   a - +0 shield
rNeg     + + .     Faith    .   k - +0 leather armour
rPois    +         Spirit   .   l - +0 helmet
rElec    .         Reflect  .   (no cloak)
rCorr    .         Harm     .   (no gloves)
MR       .....                  (no boots)
Stlth    +++.......             (no amulet)
Regen    0.1/turn               (no ring)
MPRegen  0.1/turn               (no ring)

@: regenerating slowly
A: fangs 3, see invisible, unbreathing
a: Bat Form


You were on level 2 of the Dungeon.
You were thirsty.

You visited 1 branch of the dungeon, and saw 2 of its levels.

You collected 59 gold pieces.

Inventory:

Hand Weapons
 b - a +0 spear (weapon)
 f - a +0 dagger
 m - a +0 hunting sling
Missiles
 g - 7 poisoned needles
 h - 61 arrows
 i - 30 stones (quivered)
Armour
 a - a +0 shield (worn)
 d - a +0 robe
 k - a +0 leather armour (worn)
 l - a +0 helmet (worn)
Scrolls
 j - a scroll of recharging {unknown}
 n - 2 scrolls of remove curse {unknown}
 p - 2 scrolls of identify {unknown}
 q - a scroll of teleportation {unknown}
Potions
 c - a potion of curing
 e - 12 potions of blood
 o - a potion of flight {unknown}


   Skills:
 * Level 1.0 Fighting
 * Level 1.5 Short Blades
 + Level 0.5 Armour
 * Level 2.2 Dodging
 + Level 2.1 Stealth
 + Level 1.3 Shields
 - Level 2.1 Unarmed Combat
 - Level 1.0 Spellcasting
   Level 2.1 Charms
   Level 2.1 Necromancy


You had 4 spell levels left.
You didn't know any spells.

Dungeon Overview and Level Annotations

Branches:
Dungeon (2/15)

Altars:

Annotations:
D:2 Sigmund


Innate Abilities, Weirdness & Mutations

You heal slowly.
You have razor-sharp teeth.
You have supernaturally acute eyesight. (SInv)
You can survive without breathing.


Message History

Aim: Sigmund, wielding a scythe and wearing a robe (severely wounded, slightly transparent)
You reach to attack!
Your shield prevents you from hitting Sigmund.
Sigmund is severely wounded.
Sigmund barely misses you.
Attack whom?
Press: ? - help, Dir - move target cursor, f/p - Sigmund
Aim: Sigmund, wielding a scythe and wearing a robe (severely wounded, slightly transparent)
You reach to attack!
You closely miss Sigmund.
Sigmund is severely wounded.
Sigmund gestures at you while chanting. The magic dart hits you!
* * * LOW HITPOINT WARNING * * *
Attack whom?
Press: ? - help, Dir - move target cursor, f/p - Sigmund
Aim: Sigmund, wielding a scythe and wearing a robe (severely wounded, slightly transparent)
You reach to attack!
You closely miss Sigmund.
Sigmund is severely wounded.
Sigmund hits you from afar with a scythe!
You die...

# #.##..# ..
..##..#
########..########
#.........#
#####.#######.# #
#[....# ###รท##.#
####.#####
#......# .....#
#.#.#..###. ######
#..@.@(.(>.
#.#.#......
#.....####. ##.#
#.#(### ..# #.#.#
##.# # #.# #(. #
### #


You could see Sigmund (invisible).

Vanquished Creatures
  2 adders (D:2)
  An ooze (D:1)
  2 leopard geckos
  A giant cockroach (D:2)
  A goblin (D:1)
  6 hobgoblins
  A quokka (D:2)
  2 ball pythons (D:1)
  4 bats (D:1)
  3 frilled lizards
  6 kobolds (D:1)
  2 rats (D:1)
31 creatures vanquished.

Notes
Turn   | Place    | Note
-------+----------+-------------------------------------------
     0 | D:1      | straycat the Vampire Wanderer began the quest for the Orb.
     0 | D:1      | straycat set off with: a +0 shield, a +0 spear, a potion of curing, a +0 robe, a potion of blood
     0 | D:1      | Reached XP level 1. HP: 13/13 MP: 2/2
   557 | D:1      | Reached XP level 2. HP: 15/20 MP: 3/3
   697 | D:1      | Reached skill level 1 in Short Blades
  1450 | D:1      | Reached XP level 3. HP: 23/25 MP: 4/4
  1665 | D:2      | Reached skill level 1 in Fighting
  1999 | D:2      | Noticed Sigmund
  2016 | D:2      | Slain by Sigmund

Skill      XL: |  1  2  3 |
---------------+----------+-----
Short Blades   | 1 |  1.5
Stealth        | 2 |  2.1
Dodging        | 2 |  2.2
Fighting       | 1 |  1.0
Armour         | |  0.5
Shields        | |  1.3
Unarmed Combat | |  2.1
Spellcasting   | |  1.0
Charms         | |  2.1
Necromancy     | |  2.1

Action                   || total
-------------------------++-------
Melee: Spear             ||   114
       Bite              ||     7
 Fire: Hunting sling     ||    46
  Use: Potion            ||     2
 Stab: Sleeping          ||     6
Armor: Robe              ||    14
       Leather armour    ||     6
Dodge: Dodged            ||    45
Block: Shield            ||    49
